 Dungeon Crawl Stone Soup version 0.17.0-28-g6e173f8 (console) character file.

167 Kloppie the Cudgeler (level 5, -1/50 HPs)
             Began as an Ogre Gladiator on Nov 29, 2015.
             Was an Initiate of Okawaru.
             Slain by a gnoll
             ... wielding a +0 halberd
              (14 damage)
             ... on level 3 of the Dungeon.
             The game lasted 00:04:39 (2381 turns).

Kloppie the Cudgeler (Ogre Gladiator)               Turns: 2381, Time: 00:04:39

Health: -1/50      AC:  3    Str: 20    XL:     5   Next: 48%
Magic:  5/5        EV: 11    Int:  7    God:    Okawaru [......]
Gold:   77         SH:  0    Dex: 11    Spells: 0 memorised, 4 levels left

rFire  . . .     SeeInvis .     a - +0 flail
rCold  . . .     Clarity  .     b - +0 robe
rNeg   . . .     SustAt   .     (no shield)
rPois  .         Gourm    .     c - +0 hat
rElec  .         Spirit   .     (no cloak)
rCorr  .         Warding  .     (gloves unavailable)
rMut   .         Stasis   .     (boots unavailable)
MR     .....                    (no amulet)
Stlth  +.........               (no ring)
                                (no ring)

@: not resistant to hostile enchantments, very unstealthy
A: unfitting armour, tough skin 1
a: Renounce Religion


You were on level 3 of the Dungeon.
You worshipped Okawaru.
Okawaru was noncommittal.
You were not hungry.

You visited 1 branch of the dungeon, and saw 3 of its levels.

You collected 77 gold pieces.

Inventory:

Hand Weapons
 a - a +0 flail (weapon)
Missiles
 d - 2 throwing nets (quivered)
Armour
 b - a +0 robe (worn)
 c - a +0 hat (worn)
Jewellery
 h - an uncursed ring of see invisible {unknown}
 l - an uncursed ring of fire {unknown}
Scrolls
 f - 2 scrolls of enchant weapon {unknown}
 g - a scroll of fear {unknown}
 k - a scroll of teleportation {unknown}
 m - a scroll of immolation {unknown}
 n - a scroll of identify {unknown}
Potions
 i - a potion of flight {unknown}
 p - a potion of poison {unknown}
 r - a potion of magic {unknown}
 s - a potion of brilliance {unknown}
Comestibles
 e - 3 bread rations
 j - 2 slices of pizza
 o - 2 meat rations
 q - 2 chunks of flesh


   Skills:
 - Level 2.6 Fighting
 + Level 6.3 Maces & Flails
 - Level 2.0 Throwing
 + Level 4.2 Dodging


You had 4 spell levels left.
You didn't know any spells.

Dungeon Overview and Level Annotations

Branches:
Dungeon (3/15)

Altars:
Fedhas
Okawaru
Trog


Innate Abilities, Weirdness & Mutations

You are too large for most types of armour.
You have tough skin (AC +1).


Message History

The gnoll is moderately wounded.
You hit the gnoll.
The gnoll is severely wounded.
The gnoll closely misses you.
You closely miss the gnoll.
The gnoll is severely wounded.
The gnoll completely misses you. The gnoll hits you with a halberd!
* * * LOW HITPOINT WARNING * * *
You are too injured to fight recklessly!
The gnoll hits you from afar with a halberd!
* * * LOW HITPOINT WARNING * * *
Throwing (i - inventory):
d - 3 throwing nets (quivered)
Press: ? - help, Shift-Dir - straight line, f - gnoll
Aim: a gnoll You throw a throwing net.
The throwing net hits the gnoll.
The gnoll is caught in the net!
The gnoll struggles against the net.
You hit the gnoll.
The gnoll is heavily wounded.
The gnoll hits you from afar with a halberd!
You die...

#.#####
#...g# #g#
#@#######
....# .#
#.......#
#.#.# .#
#######.#
>#.##.# #.#
#.#
......###
#.# #.# ....
..#
#.########.#
###..###.#
#.#........#
.......#.#
#.#.########
###..#.#.#
#.#.#


You could see 2 gnolls.

Vanquished Creatures
  3 orc wizards (D:3)
  2 adders (D:3)
  A gnoll (D:3)
  An ooze (D:1)
  4 giant geckos
  2 orcs (D:3)
  2 giant cockroaches (D:1)
  6 goblins
  4 hobgoblins
  A quokka (D:3)
  8 bats
  8 giant newts
  4 kobolds
  7 rats
53 creatures vanquished.

Notes
Turn   | Place    | Note
--------------------------------------------------------------
     0 | D:1      | Kloppie the Ogre Gladiator began the quest for the Orb.
     0 | D:1      | Reached XP level 1. HP: 22/22 MP: 1/1
   252 | D:1      | Reached XP level 2. HP: 17/29 MP: 2/2
   798 | D:1      | Reached XP level 3. HP: 36/36 MP: 3/3
  1057 | D:2      | Found an iron altar of Okawaru.
  1169 | D:2      | Became a worshipper of Warmaster Okawaru
  1298 | D:2      | Reached skill level 5 in Maces & Flails
  1480 | D:2      | Found a bloodstained altar of Trog.
  1682 | D:3      | Found a blossoming altar of Fedhas.
  1877 | D:3      | Reached XP level 4. HP: 40/44 MP: 4/4
  2059 | D:3      | Reached skill level 6 in Maces & Flails
  2059 | D:3      | Reached XP level 5. HP: 30/50 MP: 5/5
  2381 | D:3      | Slain by a gnoll

Action                   |  1- 3 |  4- 6 || total
-------------------------+-------+-------++-------
Melee: Flail             |   134 |    53 ||   187
Throw: Throwing net      |       |     1 ||     1
 Stab: Sleeping          |     2 |       ||     2
  Eat: Chunk             |     3 |     2 ||     5
